AoeStats
← kolemy

Socotra

505955251Analyzed
3v3 RM · 20d ago on Sep 11, 2026· 35m 40s· 6 players
Game mode
Random Map
Map size
128×128
Population
200
Speed
Normal
Resources
Standard
Victory
Conquest
Starting age
Dark Age
Ending age
Imperial Age
RankedLock teamsTeams togetherTeam positionsShared explorationLock speedFull tech treeHidden civsTurbo modeCheats
Victory
Defeat
🇻🇪 Chinese · Venezuela
600
+18
🇺🇸 Franks · United States
584
+19
🇺🇸 Romans · United States
538
+21
🇲🇽 Bulgarians · Mexico
683
-20
🇨🇿 Vikings · Czechia
663
-20
🇬🇹 Persians · Guatemala
602
-18
kolemy
0:55 Loom
16:06 Feudal Age
Marshall
1:12 Loom
17:16 Feudal Age
17:25 Man-at-Arms
20:05 Arson
22:58 Double-Bit Axe
22:55 Horse Collar
23:07 Gold Mining
26:17 Castle Age
28:01 Gambesons
27:37 Long Swordsman
28:18 Squires
27:41 Crossbowman
28:35 Elite Skirmisher
36:25 Imperial Age
dandrade
12:18 Feudal Age
10:33 Loom
13:12 Double-Bit Axe
14:36 Arson
15:25 Scale Mail Armor
15:37 Forging
21:04 Horse Collar
22:21 Padded Archer Armor
22:13 Fletching
27:12 Bloodlines
31:59 Castle Age
32:54 Gambesons
33:33 Chain Mail Armor
33:53 Iron Casting
33:25 Squires
32:55 Elite Skirmisher
33:41 Thumb Ring
manny la amenaza
15:09 Feudal Age
15:37 Double-Bit Axe
25:38 Castle Age
Johm55
0:36 Loom
12:24 Feudal Age
13:25 Double-Bit Axe
14:19 Man-at-Arms
15:02 Scale Mail Armor
15:13 Forging
28:07 Castle Age
31:38 Long Swordsman
32:20 Squires
32:37 Chain Mail Armor
35:29 Iron Casting
coco=)
0:41 Loom
12:45 Feudal Age
13:18 Horse Collar
13:27 Double-Bit Axe
17:23 Man-at-Arms
20:50 Fletching
21:02 Padded Archer Armor
28:24 Castle Age
32:00 Leather Archer Armor
31:41 Bodkin Arrow
36:09 Imperial Age
Connection lost

Rejoining the realm…

Still unreachable

The connection could not be restored.

Session expired

The server has moved on; the page needs a fresh start.